 Dungeon Crawl Stone Soup version 0.20-a0-820-g557356e (webtiles) character file.

294272 Eptagon the Executioner (level 20, -2/139 HPs)
             Began as a Gargoyle Berserker on Mar 4, 2017.
             Was the Champion of Trog.
             Killed from afar by a deep elf annihilator (40 damage)
             ... with a crystal spear
             ... on level 3 of the Elven Halls.
             The game lasted 01:22:06 (37273 turns).

Eptagon the Executioner (Gargoyle Berserker)       Turns: 37273, Time: 01:22:06

Health: -2/139     AC: 57    Str: 28    XL:     20   Next: 85%
Magic:  27/27      EV: 12    Int: 13    God:    Trog [******]
Gold:   1312       SH:  0    Dex: 11    Spells: 19/19 levels left

rFire    + + +     SeeInvis .   a - +8 frozen axe "Frostbite" {freezing cloud, *Noise +Fly rC+}
rCold    + + .     Gourm    .   S - +9 plate armour "Ycazi" {rF+++ Stlth+}
rNeg     + . .     Faith    .   (shield currently unavailable)
rPois    ∞         Spirit   .   O - +2 helmet of the Beekeeper {rCorr MP+9 Int+3}
rElec    +         Reflect  .   r - +2 cloak
rCorr    +         Harm     .   g - +3 pair of gauntlets of War {Slay+5}
MR       ++...                  s - +0 pair of boots
Stlth    ..........             R - amulet "Wypsuily" {+Blink +Rage rElec}
Regen    0.4/turn               W - ring of protection from magic
MPRegen  0.2/turn               Q - ring of protection from cold

@: flying
A: big wings, clever 1, low mp 1, negative energy resistance 1, electricity
resistance, unbreathing, petrification resistance, rot immunity, AC +15
}: 2/15 runes: barnacled, gossamer
a: Stop Flying, Berserk, Trog's Hand, Brothers in Arms, Burn Spellbooks,
Renounce Religion, Evoke Blink, Evoke Berserk Rage


You were on level 3 of the Elven Halls.
You worshipped Trog.
Trog was exalted by your worship.
You were not hungry.

You visited 6 branches of the dungeon, and saw 34 of its levels.
You visited the Abyss 2 times.
You also visited: Bailey, Ice Cave and Volcano.

You collected 5127 gold pieces.
You spent 3815 gold pieces at shops.

Inventory:

Hand Weapons
 a - the +8 frozen axe "Frostbite" (weapon) {freezing cloud, *Noise +Fly rC+}
   (You took it off a frost giant on level 13 of the Dungeon)

   It has been specially enchanted to freeze those struck by it, causing extra
   injury to most foes and up to half again as much damage against particularly
   susceptible opponents.
   It can also slow down cold-blooded creatures.
   It protects you from cold.
   It lets you fly.
   It may make noises in combat.
 b - a +2 executioner's axe of flaming
 c - a +9 vampiric executioner's axe
 d - a +3 antimagic executioner's axe
Armour
 g - the +3 pair of gauntlets of War (worn) {Slay+5}
   (You found it on level 4 of the Lair of Beasts)

   It affects your accuracy and damage with ranged weapons and melee attacks
   (+5).
 r - a +2 cloak (worn)
 s - a +0 pair of boots (worn)
 O - the +2 helmet of the Beekeeper (worn) {rCorr MP+9 Int+3}
   (You found it on level 13 of the Dungeon)

   It affects your intelligence (+3).
   It affects your magic capacity (+9).
   It protects you from acid and corrosion.
 S - the +9 plate armour "Ycazi" (worn) {rF+++ Stlth+}
   (You bought it in a shop on level 7 of the Dungeon)

   It renders you almost immune to fire.
   It makes you more stealthy.
Jewellery
 Q - a ring of protection from cold (left hand)
 R - the amulet "Wypsuily" (around neck) {+Blink +Rage rElec}
   (You took it off a deep elf knight on level 1 of the Elven Halls)

   [amulet of rage]

   It insulates you from electricity.
   It lets you blink.
   It lets you go berserk.
 W - a ring of protection from magic (right hand)
Wands
 h - a wand of digging (20/24)
 p - a wand of iceblast (5/15)
 q - a wand of iceblast (8/15)
 t - a wand of lightning (7/15)
 D - a wand of iceblast (5/15)
 I - a wand of lightning (9/15)
Scrolls
 e - 4 scrolls of enchant armour
 i - 16 scrolls of identify
 j - 5 scrolls of fear
 o - 4 scrolls of fog
 y - 11 scrolls of teleportation
 A - 5 scrolls of magic mapping
 E - 2 scrolls of enchant weapon
 F - 13 scrolls of remove curse
 G - a scroll of blinking
 M - 8 scrolls of recharging
 V - a scroll of summoning
 Y - a scroll of silence
Potions
 k - 17 potions of curing
 m - 4 potions of cancellation
 u - 6 potions of agility
 v - 3 potions of ambrosia
 w - 7 potions of invisibility
 x - 5 potions of resistance
 z - 4 potions of might
 B - 8 potions of haste
 C - 6 potions of heal wounds
 X - a potion of mutation
Books
 T - the Volume of Poison and Changing
   (You found it on level 2 of the Elven Halls)

   Spells                             Type                      Level
   a - Poisonous Vapours              Poison/Air                   2
   b - Ice Form                       Ice/Transmutation            4
   c - Olgreb's Toxic Radiance        Poison                       4
   d - Irradiate                      Conjuration/Transmutation    5
   e - Yara's Violent Unravelling     Hexes/Transmutation          5
   Trog disapproves of the use of such an item.
 Z - a book of Beasts

   Spells                             Type                      Level
   a - Summon Butterflies             Summoning                    1
   b - Call Canine Familiar           Summoning                    3
   c - Summon Ice Beast               Ice/Summoning                4
   d - Summon Mana Viper              Hexes/Summoning              5
   e - Summon Hydra                   Summoning                    7
   Trog disapproves of the use of such an item.
Miscellaneous
 H - a phial of floods
 J - a fan of gales
 K - a lightning rod (4/4)
 P - a lamp of fire
 U - a phantom mirror
Comestibles
 f - 23 fruits
 l - 12 royal jellies
 n - 19 meat rations
 N - 18 bread rations


   Skills:
 + Level 19.0 Fighting
 * Level 22.0 Axes
 - Level 20.0 Armour
 + Level 7.3 Dodging


You had 19 spell levels left.
You didn't know any spells.

Dungeon Overview and Level Annotations

Branches:
Dungeon (15/15)            Temple (0/1) D:4            Lair (6/6) D:8
 Shoals (4/4) Lair:3       Spider (4/4) Lair:3        Slime (0/5) Lair:5
    Orc (2/2) D:10            Elf (3/3) Orc:2        Vaults (0/5) D:14
 Depths (0/5) D:15

Altars:
Ashenzari
Cheibriados
Dithmenos
Fedhas
Gozag
Kikubaaqudgha
Makhleb
Qazlal
Sif Muna
Uskayaw
Vehumet
Xom
Zin
Beogh

Shops:
D:5 (   D:7 [   Orc:2 ?}(   Elf:2 ***[   Shoals:3 [   Shoals:4 :


Innate Abilities, Weirdness & Mutations

You are resistant to torment.
Your stone body is resilient. (AC +15)
You are immune to poison.
Your large and strong wings let you fly indefinitely.
You resist negative energy. (rN+)
You are resistant to electric shocks. (rElec)
You can survive without breathing.
You are immune to petrification.
You are immune to rotting.
Your mind is acute. (Int +2)
Your magical capacity is low. (-10% MP)


Message History

You slice the deep elf high priest!! You freeze the deep elf high priest.
The deep elf high priest is heavily wounded.
You miss the deep elf annihilator.
The deep elf annihilator gestures at you while chanting.
The crystal spear hits you!
* * * LOW HITPOINT WARNING * * *
The deep elf high priest barely misses you.
The deep elf mage gestures wildly while chanting.
The deep elf mage blinks!
You barely miss the deep elf annihilator.
You slice the deep elf mage like a ripe choko!!!
You freeze the deep elf mage.
You kill the deep elf mage!
Trog accepts your kill.
Trog appreciates your killing of a magic user.
The fire elemental disappears in a puff of smoke! x2
You slash the deep elf high priest! You freeze the deep elf high priest.
The deep elf annihilator gestures at you while chanting.
The crystal spear hits you!
You die...

#≈≈# #ee# #≈≈#
##############(.###
#..........#.......
#..........#.......
#..........+.......
#'########'##+#####
#.@e§§§............
#).e..§............
###################
#≈≈≈≈≈≈≈≈≈≈≈≈≈≈≈≈≈≈
#≈≈≈≈≈≈≈≈≈≈≈≈≈≈≈≈≈≈
#..................
#..................
#..................
#.................'


You could see a deep elf annihilator and a deep elf high priest.

Vanquished Creatures
  A deep elf blademaster (Elf:3)
  A kraken (Shoals:2)
  A tentacled starspawn (Abyss:3)
  Kirke (D:12)
  The ghost of Mulkerokala the Peltast, a journeyman OgHu of Wu Jian (D:12)
  Donald (Spider:2)
  Ilsuiw (Shoals:4)
  4 ghost moths
  3 deep elf sorcerers (Elf:3)
  The ghost of aves the Fencer, an adept DsFi of Qazlal (Shoals:1)
  2 frost giants
  An orc warlord (Orc:1)
  A deep elf elementalist (Elf:3)
  The ghost of clown the Carver, a journeyman DsGl of Nemelex Xobeh (Orc:2)
  6 emperor scorpions
  The ghost of Brand the Unseen, an adept SpEn of Dithmenos (Shoals:1)
  An entropy weaver (Spider:4)
  2 deep elf annihilators (Elf:3)
  5 dire elephants (Lair:6)
  2 spark wasps (Spider:4)
  6 deep elf demonologists
  3 deep elf death magi (Elf:3)
  The ghost of lolicon the Basher, a journeyman NaFi of Cheibriados (IceCv)
  7 merfolk impalers
  4 merfolk javelineers (Shoals:4)
  Josephine (Orc:2)
  5 deep elf high priests
  Harold (Lair:3)
  5 hydras
  3 merfolk avatars
  13 two-headed ogres
  6 centaur warriors
  An anaconda (Lair:6)
  3 merfolk aquamancers
  An alligator (Shoals:4)
  14 death yaks
  31 dancing weapons
  An ogre mage (D:15)
  4 orc high priests
  27 deep elf knights
  2 thrashing horrors (Abyss:3)
  2 small abominations
  5 unseen horrors
  13 sea snakes
  19 deep elf archers
  A wizard (D:15)
  A kraken simulacrum (Shoals:4)
  2 wolf spider zombies
  A lindwurm (shapeshifter) (Elf:1)
  17 harpies
  A harpy (shapeshifter) (Elf:1)
  61 deep elf magi
  8 orc knights
  5 ugly things
  A cyclops (Shoals:3)
  16 orb spiders
  9 orc sorcerers
  10 fauns
  24 wolf spiders
  4 oklob plants
  2 salamanders (Volcano)
  14 manticores
  14 merfolk sirens
  4 moths of wrath
  A worldbinder (Elf:3)
  3 torpor snails
  15 elephants
  2 smoke demons (Abyss:3)
  7 water nymphs
  3 black mambas
  A guardian serpent (shapeshifter) (Elf:1)
  A yaktaur (D:15)
  A gargoyle (D:15)
  13 spiny frogs
  6 demonic crawlers
  8 komodo dragons
  A yaktaur (shapeshifter) (Elf:1)
  5 rime drakes
  3 kobold demonologists (D:15)
  A hellwing (Abyss:3)
  An ancient zyme (Abyss:3)
  21 polar bears
  38 jumping spiders
  3 wind drakes
  5 trolls
  8 hornets
  7 hippogriffs
  25 blink frogs
  3 slime creatures (D:15)
  19 merfolk
  3 dream sheep (Shoals:3)
  7 snapping turtles
  Sigmund (D:3)
  2 spriggans (Lair:5)
  83 redbacks
  A shadow (D:13)
  3 air elementals
  11 water elementals
  27 tarantellas
  6 wraiths
  2 fire elementals
  43 yaks
  A human (D:12)
  A vampire (D:12)
  4 wyverns
  A ynoxinul (Abyss:3)
  9 basilisks
  2 fire bats (Volcano)
  A neqoxec (Abyss:3)
  4 hungry ghosts
  A steam dragon (D:12)
  2 vampire mosquitoes (D:14)
  5 hogs (D:12)
  Menkaure (D:6)
  3 wargs
  6 hell hounds
  19 water moccasins
  Duvessa (D:6)
  8 porcupines
  7 sky beasts
  8 ice beasts
  A phantom (D:8)
  3 black bears
  29 orc warriors
  A boggart (D:14)
  A necrophage (D:10)
  56 wolves
  14 centaurs
  13 crocodiles
  17 ogres
  6 big kobolds
  21 bullfrogs
  8 gnoll sergeants (Bailey)
  Dowan (D:6)
  4 earth elementals
  2 scorpions
  3 killer bees (D:12)
  26 wights
  9 electric eels
  15 howler monkeys
  3 crimson imps
  A bullfrog zombie (D:6)
  6 centaur zombies
  2 quasits (D:8)
  A jelly (D:6)
  11 hounds
  Crazy Yiuf (D:7)
  20 orc priests
  6 gnoll shamans (Bailey)
  41 orc wizards
  3 bullfrog skeletons
  3 centaur skeletons
  3 iguanas
  Terence (D:2)
  12 worker ants
  A hound zombie (D:5)
  A hound skeleton (D:5)
  A worker ant zombie (D:6)
  18 gnolls
  19 adders
  2 howler monkey skeletons
  A shadow imp (D:11)
  A white imp (Abyss:3)
  2 oozes
  2 adder zombies
  2 adder skeletons
  5 worms
  7 leopard geckos
  99 orcs
  A ball python (D:1)
  2 giant cockroaches
  14 goblins
  9 hobgoblins
  8 jackals
  22 kobolds
  3 quokkas
  7 bats
  5 frilled lizards
  A jackal zombie (D:7)
  A leopard gecko skeleton (D:4)
  A quokka skeleton (D:6)
  A quokka zombie (D:6)
  5 rats
  2 crawling corpses
  5 fungi
  18 plants
  2 starspawn tentacles (Abyss:3)
  5 tentacles
1501 creatures vanquished.

Vanquished Creatures (collateral kills)
  3 hydras
  A water moccasin (Lair:1)
4 creatures vanquished.

Vanquished Creatures (others)
  A deep elf demonologist (Elf:3)
  A small abomination (Elf:3)
  A rime drake (D:13)
  2 tarantellas
  A redback (Spider:3)
  A centaur (Volcano)
  An electric eel (Elf:3)
  2 orc priests (Orc:2)
  A crawling corpse (Elf:1)
  8 fungi
  9 plants
  2 starspawn tentacles (Abyss:3)
  6 tentacles
36 creatures vanquished.

Grand Total: 1541 creatures vanquished

Notes
Turn   | Place    | Note
-------+----------+-------------------------------------------
     0 | D:1      | Eptagon the Gargoyle Berserker began the quest for the Orb.
     0 | D:1      | Reached XP level 1. HP: 14/14 MP: 1/1
    91 | D:1      | Reached skill level 3 in Axes
    91 | D:1      | Reached XP level 2. HP: 14/19 MP: 2/2
   316 | D:1      | Reached XP level 3. HP: 4/23 MP: 3/3
   363 | D:1      | Reached ** piety under Trog
   834 | D:2      | Reached XP level 4. HP: 22/29 MP: 4/4
  1076 | D:2      | Reached skill level 4 in Axes
  1173 | D:2      | Found a radiant altar of Vehumet.
  1330 | D:2      | Noticed Terence
  1335 | D:2      | Killed Terence
  1335 | D:2      | Reached XP level 5. HP: 33/33 MP: 5/5
  1667 | D:3      | Noticed Sigmund
  1679 | D:3      | Killed Sigmund
  1679 | D:3      | Reached skill level 5 in Axes
  1679 | D:3      | Reached XP level 6. HP: 39/39 MP: 6/6
  2028 | D:3      | Reached *** piety under Trog
  2282 | D:3      | Found a faded altar of an unknown god.
  2428 | D:4      | Reached skill level 5 in Fighting
  2428 | D:4      | Reached XP level 7. HP: 44/44 MP: 7/7
  2684 | D:4      | Found a staircase to the Ecumenical Temple.
  2896 | D:4      | Found a deep blue altar of Sif Muna.
  2907 | D:4      | Reached skill level 6 in Axes
  2935 | D:4      | Reached skill level 5 in Armour
  3062 | D:5      | Entered Level 5 of the Dungeon
  3074 | D:5      | Reached **** piety under Trog
  3074 | D:5      | Reached XP level 8. HP: 47/51 MP: 8/8
  3379 | D:5      | Reached skill level 7 in Axes
  3527 | D:5      | Found Foobo's Weapon Emporium.
  3535 | D:5      | Bought a +0 battleaxe of chopping for 163 gold pieces
  3834 | D:6      | Noticed Menkaure
  3837 | D:6      | Killed Menkaure
  3869 | D:6      | Noticed Duvessa
  3870 | D:6      | Noticed Dowan
  3884 | D:6      | Killed Duvessa
  3884 | D:6      | Reached XP level 9. HP: 56/56 MP: 9/9
  3887 | D:6      | Reached skill level 8 in Axes
  3908 | D:6      | Killed Dowan
  4004 | D:6      | Found an opulent altar of Gozag.
  4047 | D:6      | Reached ***** piety under Trog
  4236 | D:6      | Found a hide-covered altar of Uskayaw.
  4419 | D:6      | Noticed a two-headed ogre
  4425 | D:6      | Killed a two-headed ogre
  4425 | D:6      | Reached skill level 9 in Axes
  4435 | D:6      | Got a heavily runed platinum ring
  4436 | D:6      | Identified the ring "Cuwifyna" {Wiz Int+4 Stlth+} (You found it on level 6 of the Dungeon)
  4569 | D:6      | Reached XP level 10. HP: 57/64 MP: 10/10
  4958 | D:7      | Reached skill level 10 in Axes
  4985 | D:7      | Found Riulojosch's Antique Armour Emporium.
  5023 | D:7      | Bought a pair of boots for 108 gold pieces
  5228 | D:7      | Found a stormy altar of Qazlal.
  5400 | D:7      | Found a runed door.
  5828 | D:7      | Noticed Crazy Yiuf
  5833 | D:7      | Paralysed by Crazy Yiuf for 5 turns
  5840 | D:7      | Paralysed by Crazy Yiuf for 6 turns
  5846 | D:7      | Killed Crazy Yiuf
  6102 | D:8      | Found a staircase to the Lair.
  6119 | D:8      | Found an ancient bone altar of Kikubaaqudgha.
  6340 | D:8      | Reached skill level 11 in Axes
  6340 | D:8      | Reached XP level 11. HP: 71/71 MP: 11/11
  6357 | D:8      | Found a glowing silver altar of Zin.
  6705 | D:8      | Reached ****** piety under Trog
  6934 | Lair:1   | Entered Level 1 of the Lair of Beasts
  6998 | Lair:1   | Noticed a six-headed hydra
  7004 | Lair:1   | Killed a seven-headed hydra
  7257 | Lair:1   | Reached skill level 10 in Fighting
  7336 | Lair:1   | Noticed an oklob plant
  7336 | Lair:1   | Noticed an oklob plant
  7348 | Lair:1   | Killed an oklob plant
  7348 | Lair:1   | Reached skill level 10 in Armour
  7354 | Lair:1   | Killed an oklob plant
  7766 | Lair:1   | Received a gift from Trog
  7766 | Lair:1   | Reached skill level 12 in Axes
  8340 | Lair:2   | Reached XP level 12. HP: 49/79 MP: 12/12
  8463 | Lair:2   | Noticed a four-headed hydra
  8470 | Lair:2   | Killed a five-headed hydra
  8971 | Lair:3   | Found a dark tunnel.
  8977 | Volcano  | Entered a volcano
  9014 | Volcano  | Noticed a two-headed ogre
  9019 | Volcano  | Killed a two-headed ogre
  9019 | Volcano  | Reached skill level 13 in Axes
  9522 | Lair:3   | Noticed Harold
  9535 | Lair:3   | Killed Harold
  9585 | Lair:3   | Noticed a five-headed hydra
  9599 | Lair:3   | Killed a 12-headed hydra
 10021 | Lair:3   | Found a hole to the Spider Nest.
 10141 | Lair:3   | Found a staircase to the Shoals.
 10690 | Lair:4   | Reached XP level 13. HP: 68/85 MP: 13/13
 10964 | Lair:4   | Reached skill level 14 in Axes
 11159 | Lair:4   | Received a gift from Trog
 12192 | Lair:5   | Found a staircase to the Slime Pits.
 12585 | Lair:6   | Entered Level 6 of the Lair of Beasts
 12609 | Lair:6   | Reached skill level 15 in Axes
 12617 | Lair:6   | Gained mutation: Your large and strong wings let you fly indefinitely. [Gargoyle growth]
 12617 | Lair:6   | Reached XP level 14. HP: 92/92 MP: 14/14
 12625 | Lair:6   | Received a gift from Trog
 13914 | Lair:6   | Noticed a dire elephant
 13914 | Lair:6   | Noticed a dire elephant
 13918 | Lair:6   | Noticed a dire elephant
 13921 | Lair:6   | Killed a dire elephant
 13922 | Lair:6   | Killed a dire elephant
 13922 | Lair:6   | Reached skill level 16 in Axes
 13933 | Lair:6   | Killed a dire elephant
 13942 | Lair:6   | Got a scorched hat
 13953 | Lair:6   | Identified the +2 hat of the Butterfly {rC- rCorr SInv} (You found it on level 6 of the Lair of Beasts)
 14338 | Lair:6   | Noticed a dire elephant
 14349 | Lair:6   | Killed a dire elephant
 14398 | Lair:6   | Noticed a dire elephant
 14410 | Lair:6   | Killed a dire elephant
 14980 | Lair:3   | Received a gift from Trog
 15183 | D:9      | Reached XP level 15. HP: 100/100 MP: 5/15
 15236 | D:9      | Found a snail-covered altar of Cheibriados.
 15492 | D:9      | Found a shadowy altar of Dithmenos.
 15503 | D:9      | Found a burning altar of Makhleb.
 15826 | D:10     | Entered Level 10 of the Dungeon
 16085 | D:10     | Found a staircase to the Orcish Mines.
 16442 | Orc:1    | Entered Level 1 of the Orcish Mines
 16950 | Orc:2    | Entered Level 2 of the Orcish Mines
 16953 | Orc:2    | Noticed Josephine
 16963 | Orc:2    | Killed Josephine
 16965 | Orc:2    | Received a gift from Trog
 17169 | Orc:2    | Found a staircase to the Elven Halls.
 17317 | Orc:2    | Found Ucsiuckaus's Magic Scroll Boutique.
 17561 | Orc:2    | Gained mutation: Scrolls take you a little longer to read. [a neqoxec]
 17569 | Orc:2    | Lost mutation: Scrolls take you a little longer to read. [potion of mutation]
 17569 | Orc:2    | Gained mutation: Armour fits poorly on your strangely shaped body. [potion of mutation]
 17569 | Orc:2    | Gained mutation: Your body sometimes deteriorates upon taking damage. [potion of mutation]
 17569 | Orc:2    | Gained mutation: You have sharp toenails. [potion of mutation]
 17570 | Orc:2    | Lost mutation: Armour fits poorly on your strangely shaped body. [potion of mutation]
 17570 | Orc:2    | Lost mutation: You have sharp toenails. [potion of mutation]
 17570 | Orc:2    | Gained mutation: You evolve. [potion of mutation]
 17570 | Orc:2    | Lost mutation: Your body sometimes deteriorates upon taking damage. [potion of mutation]
 17570 | Orc:2    | Gained mutation: Your mind is acute. (Int +2) [potion of mutation]
 17730 | Orc:2    | Found Vimel Koq's Magic Scroll Boutique.
 17734 | Orc:2    | Found Maisor's Weapon Shoppe.
 17754 | Orc:2    | Reached skill level 17 in Axes
 17971 | Orc:2    | Bought a scroll of identify for 24 gold pieces
 17971 | Orc:2    | Bought a scroll of noise for 12 gold pieces
 17971 | Orc:2    | Bought a scroll of identify for 24 gold pieces
 17971 | Orc:2    | Bought a scroll of magic mapping for 42 gold pieces
 17980 | Orc:2    | Found Osee's Gadget Shoppe.
 17990 | Orc:2    | Bought a scroll of identify for 28 gold pieces
 17990 | Orc:2    | Bought a scroll of teleportation for 42 gold pieces
 17990 | Orc:2    | Bought a scroll of magic mapping for 49 gold pieces
 17990 | Orc:2    | Bought a scroll of teleportation for 42 gold pieces
 17990 | Orc:2    | Bought a scroll of identify for 28 gold pieces
 17990 | Orc:2    | Bought a scroll of enchant weapon for 105 gold pieces
 17990 | Orc:2    | Bought a scroll of fear for 49 gold pieces
 18011 | Orc:2    | Noticed clown's ghost (journeyman DsGl)
 18030 | Orc:2    | Killed clown's ghost
 18271 | Orc:2    | Found a roughly hewn altar of Beogh.
 18423 | Orc:1    | Received a gift from Trog
 18424 | Orc:1    | Noticed an orc warlord
 18438 | Orc:1    | Killed an orc warlord
 18724 | D:11     | Found a shimmering altar of Xom.
 19538 | D:12     | Found a shattered altar of Ashenzari.
 19570 | D:12     | Found a flagged portal.
 19585 | Bailey   | Entered a bailey
 19622 | Bailey   | Received a gift from Trog
 19832 | Bailey   | Identified the Catalogue of Changing and Beguiling
 20037 | D:12     | Noticed Mulkerokala's ghost (journeyman OgHu)
 20052 | D:12     | Killed Mulkerokala's ghost
 20646 | D:12     | Noticed Kirke
 20663 | D:12     | Killed Kirke
 20871 | D:13     | Reached skill level 15 in Fighting
 20889 | D:13     | Noticed a frost giant
 21108 | D:13     | Reached XP level 16. HP: 95/108 MP: 16/16
 21146 | D:13     | Reached skill level 15 in Armour
 21169 | D:13     | Received a gift from Trog
 21609 | D:13     | Got a twisted helmet
 21623 | D:13     | Identified the +2 helmet of the Beekeeper {rCorr MP+9 Int+3} (You found it on level 13 of the Dungeon)
 22206 | D:14     | Found a frozen archway.
 22209 | D:14     | Reached skill level 18 in Axes
 22227 | IceCv    | Entered an ice cave
 22464 | IceCv    | Received a gift from Trog
 22608 | IceCv    | Noticed lolicon's ghost (journeyman NaFi)
 22617 | IceCv    | Killed lolicon's ghost
 23018 | D:14     | Found a blossoming altar of Fedhas.
 23092 | D:14     | Found a gate to the Vaults.
 23356 | D:7      | Bought a dazzling plate armour for 672 gold pieces
 23356 | D:7      | Bought slimy ice dragon scales for 1560 gold pieces
 23367 | D:7      | Identified the +9 plate armour "Ycazi" {rF+++ Stlth+} (You bought it in a shop on level 7 of the Dungeon)
 23377 | D:7      | Identified the +7 ice dragon scales of Apathy {rElec rF- rC++ Int+2 Stlth+} (You bought it in a shop on level 7 of the Dungeon)
 23497 | D:15     | Entered Level 15 of the Dungeon
 23650 | D:15     | Gained mutation: Your spells are a little easier to cast, but a little less powerful. [a neqoxec]
 23658 | D:15     | Received a gift from Trog
 23875 | D:15     | Found an opulent altar of Gozag.
 24283 | D:15     | Found a staircase to the Depths.
 24618 | Spider:1 | Entered Level 1 of the Spider Nest
 24706 | Spider:1 | Reached XP level 17. HP: 115/115 MP: 17/17
 25248 | Spider:2 | Received a gift from Trog
 25746 | Spider:2 | Noticed Donald
 25749 | Spider:2 | Lost mutation: Your spells are a little easier to cast, but a little less powerful. [evolution]
 25756 | Spider:2 | Killed Donald
 26514 | Spider:3 | Reached skill level 19 in Axes
 27339 | Spider:4 | Entered Level 4 of the Spider Nest
 27443 | Spider:4 | Received a gift from Trog
 27883 | Spider:4 | Reached XP level 18. HP: 113/122 MP: 1/18
 28136 | Spider:4 | Got a gossamer rune of Zot
 28310 | Spider:4 | Received a gift from Trog
 28599 | Shoals:1 | Entered Level 1 of the Shoals
 28612 | Shoals:1 | Noticed aves's ghost (adept DsFi)
 28627 | Shoals:1 | Killed aves's ghost
 28832 | Shoals:1 | Gained mutation: Your magical capacity is low. (-10% MP) [evolution]
 28832 | Shoals:1 | Lost mutation: You evolve. [end of evolution]
 28945 | Shoals:1 | Noticed Brand's ghost (adept SpEn)
 28958 | Shoals:1 | Killed Brand's ghost
 29722 | Shoals:2 | Received a gift from Trog
 30217 | Shoals:3 | Reached skill level 20 in Axes
 30519 | Shoals:3 | Found Nigg's Armour Emporium.
 30848 | Shoals:4 | Entered Level 4 of the Shoals
 30848 | Shoals:4 | Found Juner Ypuliz's Book Shoppe.
 31192 | Shoals:4 | Reached XP level 19. HP: 128/128 MP: 17/17
 31211 | Shoals:4 | Received a gift from Trog
 31398 | Shoals:4 | Identified Pecrytuyr's Almanac of Poisoning
 31737 | Shoals:4 | Noticed Ilsuiw
 31764 | Shoals:4 | Killed Ilsuiw
 32308 | Shoals:4 | Got a barnacled rune of Zot
 32658 | Elf:1    | Entered Level 1 of the Elven Halls
 32658 | Elf:1    | Found an ancient bone altar of Kikubaaqudgha.
 32761 | Elf:1    | Received a gift from Trog
 32931 | Elf:1    | Noticed a Tzitzimitl
 33267 | Elf:1    | Got a translucent golden amulet
 33268 | Elf:1    | Identified the amulet "Wypsuily" {+Blink +Rage rElec} (You took it off a deep elf knight on level 1 of the Elven Halls)
 33763 | Elf:1    | Received a gift from Trog
 33782 | Elf:1    | Reached skill level 5 in Dodging
 33814 | Elf:1    | Reached skill level 21 in Axes
 34205 | Elf:1    | You are sucked into a shaft!
 34207 | Elf:2    | Found Xofal's Assorted Antiques.
 34221 | Elf:2    | Bought a scroll labeled GUCOIL IXIJAKK for 31 gold pieces
 34223 | Elf:2    | Bought a scroll labeled YNKUER WATUAZA for 31 gold pieces
 34227 | Elf:2    | Found Quggaim's Antique Armour Shoppe.
 34424 | Elf:2    | Found Wooseuth's Assorted Antiques.
 34430 | Elf:2    | Bought a scroll of blinking for 232 gold pieces
 34430 | Elf:2    | Bought a potion of haste for 310 gold pieces
 34430 | Elf:2    | Bought a potion of heal wounds for 155 gold pieces
 34430 | Elf:2    | Bought a scroll of fear for 108 gold pieces
 34578 | Elf:2    | Reached XP level 20. HP: 121/137 MP: 18/18
 34627 | Elf:2    | Received a gift from Trog
 34661 | Elf:2    | Identified the Volume of Poison and Changing
 34793 | Elf:2    | Found Meojirru's General Store.
 34853 | Elf:2    | Found a runed gate.
 34853 | Elf:2    | Found a runed gate.
 34853 | Elf:2    | Found a runed gate.
 35312 | Elf:3    | Entered Level 3 of the Elven Halls
 35479 | Elf:3    | Received a gift from Trog
 36535 | Elf:3    | Cast into level 2 of the Abyss (a deep elf sorcerer)
 36536 | Abyss:2  | Found a corrupted altar of Lugonu.
 36604 | Elf:3    | Escaped the Abyss
 36807 | Elf:3    | Found an ancient bone altar of Kikubaaqudgha.
 37004 | Elf:3    | Received a gift from Trog
 37005 | Elf:3    | Got a crystal battleaxe {god gift}
 37006 | Elf:3    | Identified the +6 battleaxe of a sewer {venom, +Inv Dex+2} (Trog gifted it to you on level 3 of the Elven Halls)
 37086 | Elf:3    | Cast into level 3 of the Abyss (deep elf sorcerer)
 37243 | Abyss:3  | Reached skill level 22 in Axes
 37268 | Elf:3    | Escaped the Abyss
 37273 | Elf:3    | Killed from afar by a deep elf annihilator

Vault maps used:
D:1:      lemuel_arrival_broad_hall
D:2:      vehumet_crystals, minmay_misc_feat_four_crosses, uniq_terence
D:3:      chequers_ecumenical_altar_twisty, uniq_sigmund
D:4:      minmay_temple_entry_statues_fountains, led_sif_book
D:5:      first_bread, serial_shops, nicolae_shop_trees
D:6:      kennysheep_windowed_halls, kennysheep_mini,
          nicolae_gozag_seed_capital, uniq_menkaure, uniq_duvessa
D:7:      grunt_qazlal_sundering, serial_shops, shop, grunt_ogre_cave,
          sigmund_army, uniq_crazy_yiuf_cottage
D:8:      zin_academy, nicolae_overflow_crystal_walls, dpeg_oklobed_lair
D:9:      amethyst_overflow_temple_binary, basic_altar
D:10:     orc_0_dummy
D:11:     xom_redecorated
D:12:     basic_altar, enter_bailey_7, uniq_kirke
D:13:     minmay_coctagon
D:14:     hangedman_vaults_entry_quadrant_bands, portal_ice_cave_rime,
          fedhas_altar_4
D:15:     grunt_enter_depths_magical_seal, lemuel_tele_altar
Lair:1:   infiniplex_staircase_pool_2, minmay_lair_oklob_chamber
Lair:3:   elwin_shoals_entry_rooms, spider_nest_entry_funnel_web,
          enter_volcano_1, minivault_25, kennysheep_basilisk_garden, uniq_harold
Lair:4:   dpeg_oklob_1, grunt_megastairs_4, lemuel_fruit_tree
Lair:5:   slime_dummy, forest_entry_grove, serial_bayou_shore_a
Lair:6:   due_jungle_book, grunt_forest_large_clearings
Shoals:3: serial_shops, shop
Shoals:4: shoals_end_grunt_ice, shoals_ilsuiw_ice, serial_shops, shop,
          nicolae_shoals_siren_and_animal_friends
Spider:2: nicolae_spider_circle_web, nicolae_spider_cling_halls, uniq_donald
Spider:4: spider_rune_water, nicolae_spider_nook
Orc:2:    st_orc_elflike, basic_altar, uniq_josephine
Elf:1:    basic_altar, orc_legates, st_stairs_14
Elf:2:    serial_shops, shop, nicolae_shop_stone, shop, shop,
          grunt_ministairs_10, spider_trap, nicolae_elf_w_pinch
Elf:3:    elf_hall_gauntlet_wide, basic_altar, st_stairs_3,
          kennysheep_underground_church
Abyss:3:  guppyfry_abyss_exit_glass_guarded, evilmike_abyss_exit_4,
          lemuel_flamethrower_3
Abyss:4:  evilmike_nicolae_abyss_rune_containment_curve
Bailey:   bailey_polearm_gnolls_kennysheep, bailey
IceCv:    ice_cave_caverns_03
Volcano:  volcano_village

Skill      XL: |  1  2  3  4  5  6  7  8  9 10 11 12 13 14 15 16 17 18 19 20 |
---------------+-------------------------------------------------------------+-----
Axes           | 3 4 5 6 7 9 11 12 13 15 16 17 18 19 20 21 22 | 22.0
Armour         | 3 4 5 6 7 9 10 11 13 14 16 19 20 | 20.0
Fighting       | 4 5 6 8 9 10 11 12 14 15 16 17 18 19 | 19.0
Dodging        | 2 5 7 |  7.3

Action                   |  1- 3 |  4- 6 |  7- 9 | 10-12 | 13-15 | 16-18 | 19-21 || total
-------------------------+-------+-------+-------+-------+-------+-------+-------++-------
Melee: Hand axe          |   105 |   201 |   186 |       |       |       |       ||   492
       Battleaxe         |       |       |   122 |   513 |   226 |       |       ||   861
       Executioner's axe |       |       |       |       |   683 |   948 |   662 ||  2293
Invok: Berserk           |     5 |     5 |    10 |    12 |    18 |     4 |       ||    54
       Burn Spellbooks   |       |       |     1 |       |     4 |     2 |       ||     7
       Brothers in Arms  |       |       |       |     2 |     1 |       |       ||     3
       Trog's Hand       |       |       |       |       |     2 |       |     3 ||     5
 Abil: Fly               |       |       |       |       |     1 |     2 |       ||     3
       Stop Flying       |       |       |       |       |       |     2 |       ||     2
       Evoke Flight      |       |       |       |       |       |     1 |       ||     1
Evoke: Wand              |       |       |       |     4 |     2 |       |       ||     6
       Lightning rod     |       |       |       |       |       |       |     4 ||     4
  Use: Scroll            |       |       |       |    24 |    18 |     2 |    11 ||    55
       Potion            |       |       |       |       |     5 |     1 |     1 ||     7
 Stab: Sleeping          |       |       |       |     7 |    16 |       |       ||    23
       Distracted        |       |       |       |     1 |     1 |       |       ||     2
  Eat: Chunk             |     4 |    11 |    17 |    32 |    51 |    38 |    23 ||   176
       Fruit             |       |       |       |       |     1 |     1 |       ||     2
       Meat ration       |       |       |       |       |     1 |       |       ||     1
       Royal jelly       |       |       |       |       |     1 |       |       ||     1
Armor: Ring mail         |    46 |    26 |       |       |       |       |       ||    72
       Animal skin       |     5 |       |       |       |       |       |       ||     5
       Scale mail        |       |    76 |   181 |       |       |       |       ||   257
       Swamp dragon scal |       |       |    11 |    40 |       |       |       ||    51
       Shadow dragon sca |       |       |       |   411 |   562 |       |       ||   973
       Plate armour      |       |       |       |     8 |   418 |  1402 |   765 ||  2593
Dodge: Dodged            |    66 |   119 |   182 |   283 |   555 |   527 |   345 ||  2077
